 Dungeon Crawl Stone Soup version 0.27.1-34-g3ba077fa99 (webtiles) character file.

Game seed: 11634281415003973134

189827 MisterFreud the Envoy of Void (level 18, -13/143 HPs)
             Began as a Gnoll Abyssal Knight on Jan 1, 2022.
             Was a High Priest of Lugonu.
             Shot with an arrow by Vashnia (36 damage)
             ... on level 2 of the Snake Pit on Jan 2, 2022.
             The game lasted 01:19:36 (49243 turns).

MisterFreud the Envoy of Void (GnAK)               Turns: 49243, Time: 01:19:36

Health: -13/143    AC: 39    Str: 13    XL:     18   Next: 14%
Magic:  28/34      EV: 17    Int: 21    God:    Lugonu [*****.]
Gold:   364        SH:  0    Dex: 12    Spells: 23/41 levels left

rFire    + + .     SeeInvis .   F - +7 pair of quick blades "Gyre" and "Gimble" {protect}
rCold    x . .     Faith    .   (shield currently unavailable)
rNeg     . . .     Spirit   .   r - +5 fire dragon scales
rPois    .         Reflect  .   a - +2 helmet {Int+3}
rElec    .         Harm     .   B - +2 cloak
rCorr    .         Rampage  .   i - +1 pair of gloves
Will     +....                  p - +0 pair of boots
Stlth    +++.......             e - amulet of magic regeneration
HPRegen  0.33/turn              Q - +4 ring of protection
MPRegen  0.49/turn              v - +4 ring of evasion

@: mighty, under a protective aura
A: fangs 1, strong nose, distributed training
}: 1/15 runes: decaying
a: Renounce Religion, Depart the Abyss, Bend Space, Banish, Corrupt, Enter the
Abyss


You were on level 2 of the Snake Pit.
You worshipped Lugonu.
Lugonu was extremely pleased with you.
You visited 5 branches of the dungeon, and saw 30 of its levels.
You visited the Abyss 2 times.
You also visited: Sewer and Gauntlet.

You collected 3343 gold pieces.
You spent 2979 gold pieces at shops.

Inventory:

Hand Weapons
 d - a +7 lajatang of electrocution
 F - the +7 pair of quick blades "Gyre" and "Gimble" (weapon) {protect}
   (You found it on level 7 of the Dungeon)

   It grants its wielder temporary protection when it strikes (+7 to AC).
 Z - the +7 lajatang of War {spect, Contam rC+ rCorr}
   (You found it in a Gauntlet)

   When its wielder attacks, the weapon's spirit leaps out and strikes again.
   The spirit shares a part of any damage it takes with its wielder.
   rC:        It protects you from cold.
   Contam:    It causes magical contamination when unequipped.
   rCorr:     It protects you from acid and corrosion.
Missiles
 h - 35 boomerangs
 m - 113 poisoned darts (quivered)
 q - 2 curare-tipped darts
 s - 2 throwing nets
 D - 16 silver javelins
 U - 7 javelins
Armour
 a - a +2 helmet of intelligence (worn)
 i - a +1 pair of gloves (worn)
 p - a +0 pair of boots (worn)
 r - +5 fire dragon scales (worn)
 B - a +2 cloak (worn)
Jewellery
 e - an amulet of magic regeneration (around neck)
 v - a +4 ring of evasion (right hand)
 E - a ring of poison resistance
 H - a ring of protection from cold
 Q - a +4 ring of protection (left hand)
Wands
 u - a wand of charming (6)
 w - a wand of acid (17)
 z - a wand of paralysis (26)
 A - a wand of iceblast (17)
 C - a wand of flame (2)
 J - a wand of digging (8)
 O - a wand of polymorph (33)
Scrolls
 c - 5 scrolls of amnesia
 n - 4 scrolls of fear
 y - 2 scrolls of magic mapping
 I - 3 scrolls of teleportation
 L - a scroll of blinking
 M - a scroll of holy word
 P - 2 scrolls of summoning
 V - 5 scrolls of fog
 X - 9 scrolls of identify
Potions
 b - 4 potions of might
 g - 9 potions of brilliance
 j - 6 potions of haste
 l - 6 potions of mutation
 o - 10 potions of flight
 t - a potion of invisibility
 x - 3 potions of curing
 G - a potion of berserk rage
 K - a potion of cancellation
 R - a potion of magic
 S - 6 potions of ambrosia
 T - 7 potions of attraction
Miscellaneous
 k - a box of beasts
 N - a lightning rod (4/4)
 W - a phial of floods
 Y - a condenser vane


   Skills:
 + Level 13.3 Fighting
 + Level 12.7 Short Blades
 + Level 12.0 Long Blades
 + Level 12.0 Axes
 + Level 12.0 Maces & Flails
 + Level 12.0 Polearms
 + Level 12.0 Staves
 + Level 12.0 Slings
 + Level 12.0 Bows
 + Level 12.0 Crossbows
 + Level 12.0 Throwing
 + Level 12.7 Armour
 + Level 12.2 Dodging
 + Level 12.0 Stealth
 + Level 12.0 Shields
 + Level 12.0 Unarmed Combat
 + Level 12.0 Spellcasting
 + Level 10.2 Conjurations
 + Level 10.2 Hexes
 + Level 10.2 Summonings
 + Level 10.2 Necromancy
 + Level 10.2 Translocations
 + Level 10.2 Transmutations
 + Level 10.2 Fire Magic
 + Level 10.2 Ice Magic
 + Level 10.2 Air Magic
 + Level 10.2 Earth Magic
 + Level 10.2 Poison Magic
 + Level 13.5 Invocations
 + Level 12.0 Evocations


You had 23 spell levels left.
You knew the following spells:

 Your Spells              Type           Power      Damage    Failure   Level
a - Blink                 Tloc           N/A        N/A       1%          2
b - Borgnjor's Vile Clut  Necr/Erth      27%        N/A       9%          5
c - Invisibility          Hex            27%        N/A       43%         6
d - Mephitic Cloud        Conj/Pois/Air  54%        N/A       1%          3
e - Passwall              Tmut/Erth      45%        N/A       1%          2

Your spell library contained the following spells:

 Spells                   Type           Power      Damage    Failure   Level
 Animate Skeleton         Necr           100%       N/A       1%          1
 Apportation              Tloc           100%       N/A       1%          1
 Foxfire                  Conj/Fire      100%       2x1d9     1%          1
 Magic Dart               Conj           100%       1d8       1%          1
 Pain                     Necr           100%       1d9       1%          1
 Shock                    Conj/Air       100%       1d9       1%          1
 Call Imp                 Summ           54%        N/A       1%          2
 Static Discharge         Conj/Air       54%        N/A       1%          2
 Call Canine Familiar     Summ           54%        N/A       1%          3
 Conjure Flame            Conj/Fire      54%        6-21      1%          3
 Gell's Gravitas          Tloc           27%        N/A       1%          3
 Inner Flame              Hex/Fire       54%        N/A       1%          3
 Lesser Beckoning         Tloc           27%        N/A       1%          3
 Portal Projectile        Hex/Tloc       100%       N/A       1%          3
 Stone Arrow              Conj/Erth      100%       3d13      1%          3
 Swiftness                Air            54%        N/A       1%          3
 Teleport Other           Tloc           54%        N/A       1%          3
 Vampiric Draining        Necr           27%        2d9       1%          3
 Airstrike                Air            27%        N/A       3%          4
 Animate Armour           Summ/Erth      100%       N/A       3%          4
 Animate Dead             Necr           27%        N/A       3%          4
 Leda's Liquefaction      Hex/Erth       27%        N/A       3%          4
 Petrify                  Tmut/Erth      54%        N/A       3%          4
 Alistair's Intoxication  Tmut/Pois      36%        N/A       9%          5
 Blade Hands              Tmut           27%        N/A       9%          5
 Excruciating Wounds      Necr           27%        N/A       9%          5
 Iskenderun's Battlesphe  Conj           54%        2d10      9%          5
 Manifold Assault         Tloc           54%        N/A       9%          5
 Iron Shot                Conj/Erth      27%        9d6       43%         6
 Starburst                Conj/Fire      27%        6d9       43%         6
 Haunt                    Necr/Summ      27%        N/A       95%         7
 Spellforged Servitor     Conj/Summ      27%        N/A       95%         7
 Storm Form               Tmut/Air       27%        N/A       95%         7
 Infestation              Necr           27%        N/A       100%        8
 Lehudib's Crystal Spear  Conj/Erth      27%        10d7      100%        8


Dungeon Overview and Level Annotations

Branches:
Dungeon (15/15)            Temple (0/1) D:4            Lair (6/6) D:10
  Swamp (4/4) Lair:3        Snake (3/4) Lair:3        Slime (0/5) Lair:5
    Orc (2/2) D:11            Elf (0/3) Orc:2        Vaults (0/5) D:14
 Depths (0/5) D:15          Sewer (visited)         Gauntlet (visited)

Altars:
Nemelex Xobeh
Sif Muna
The Shining One

Shops:
D:4 *   D:5 :   D:11 *   Orc:1 *   Orc:2 =[*?   Snake:1 (:   Snake:2 !(:

Portals:
Pandemonium: Orc:2

Annotations:
D:10 1 runed translucent door, diceflayer's ghost, journeyman MiFi
Snake:2 Louise; Vashnia
Abyss:1 Azrael


Innate Abilities, Weirdness & Mutations

You have very sharp teeth.
Your uncanny sense of smell can sniff out nearby items.
Your experience applies equally to all skills.


Message History

* * * LOW HITPOINT WARNING * * *
The naga sharpshooter spits poison at you.
The splash of poison hits you!
You are more poisoned.
* * * LOW HITPOINT WARNING * * *
You hit Vashnia. You puncture Vashnia!
The zombie hands constrict Vashnia.
The zombie hands constrict the naga sharpshooter.
You feel sick.
Okay, then.
Unknown command.
You feel better.
The zombie hands constrict Vashnia, but do no damage.
The zombie hands constrict the naga sharpshooter.
Vashnia mumbles some strange words.
Vashnia magically shoots an arrow.
The arrow hits you!
* * * LOW HITPOINT WARNING * * *
The naga sharpshooter shoots an arrow.
The arrow barely misses you.
You puncture Vashnia! You hit Vashnia but do no damage.
The zombie hands constrict Vashnia.
The zombie hands constrict the naga sharpshooter.
You hit Vashnia but do no damage. You bite Vashnia, but do no damage.
You hit Vashnia but do no damage.
The zombie hands constrict Vashnia, but do no damage.
The zombie hands constrict the naga sharpshooter.
The zombie hands release their grip on Vashnia.
Vashnia blinks!
Aiming: Iceblast
Press: ? - help, Shift-Dir - straight line, f/p - naga sharpshooter
Aim: a naga sharpshooter, wielding a +0 shortbow and quivering arrows (heavily wounded, catching its breath, constricted by zombie hands)
The mass of ice explodes!
The iceblast engulfs the naga sharpshooter!!
The naga sharpshooter is almost dead.
The iceblast engulfs the naga sharpshooter!
The naga sharpshooter is moderately wounded.
The zombie hands constrict the naga sharpshooter!
You kill the naga sharpshooter!
Lugonu accepts your kill.
Vashnia casts a spell.
Vashnia magically shoots an arrow.
The arrow hits you!!!
You die...

... . .. .... # . ..# ....
#.#### ###. ..#. #...
#.....##.. ##.N.. #..
.........##...... #..
.......#)N....... #.
........N#....... #.
#........@#.# #.
#.........#.# .. #.
#.........#.#### ...#.
#........##....####.###...
#....... #.......#.##...#
#......###N..>.....#.....
#.....##.N.N............
#....##.N...............
##...NN.................


You could see Vashnia and 2 naga sharpshooters.

Vanquished Creatures
  Nikola (Swamp:2)
  Jorgrun (D:14)
  Gastronok (Lair:2)
  Kirke (Snake:1)
  Agnes (D:14)
  A thorn hunter (Swamp:4)
  Nessos (D:13)
  A minotaur (Gauntlet)
  A spark wasp (shapeshifter) (D:15)
  5 bunyips
  2 fire dragons (Lair:6)
  An eleionoma (Swamp:2)
  Josephine (D:11)
  4 ice dragons (Swamp:4)
  A rakshasa (D:15)
  8 naga warriors
  4 vault guards
  Erolcha (D:11)
  3 boulder beetles
  7 centaur warriors
  7 two-headed ogres
  A catoblepas (D:15)
  13 hydras
  2 ghost crabs (Swamp:3)
  4 anacondas
  2 alligators
  11 death yaks
  A tengu warrior (Gauntlet)
  5 orc high priests
  5 naga sharpshooters
  Urug (Orc:1)
  3 skeletal warriors (D:13)
  4 spriggan druids
  2 torturous demonspawn
  2 gelid demonspawn (Orc:2)
  3 glowing orange brains
  6 swamp dragons
  A lindwurm (Lair:6)
  A deep elf pyromancer (D:15)
  A wolf spider (D:13)
  5 mana vipers
  6 orc knights
  6 will-o-the-wisps
  8 orc sorcerers
  9 ugly things
  A salamander (shapeshifter) (D:14)
  A cyclops (shapeshifter) (D:15)
  A manticore (D:15)
  2 salamanders
  4 cyclopes
  A guardian serpent (Snake:2)
  5 elephants (Lair:5)
  9 black mambas
  6 torpor snails
  Joseph (D:9)
  6 naga magi
  An orange demon (Orc:2)
  15 cane toads
  2 gargoyles
  4 freezing wraiths (Swamp:4)
  12 komodo dragons
  A kobold demonologist (D:11)
  2 unseen horrors
  3 rime drakes
  2 tengu conjurers (Gauntlet)
  A polar bear (Lair:6)
  2 wolf spider simulacra (Gauntlet)
  A queen bee (Lair:2)
  9 trolls
  A bloated husk (Swamp:2)
  5 slime creatures (D:15)
  13 hornets
  13 blink frogs
  9 tyrant leeches
  11 dream sheep
  3 wyverns
  3 centaur simulacra
  9 spriggans
  49 yaks
  6 wraiths
  3 water elementals (D:13)
  9 basilisks
  4 fire elementals (Snake:1)
  8 humans (D:14)
  Grum (D:11)
  3 steam dragons
  10 vampire mosquitoes
  5 swamp worm simulacra (Swamp:4)
  A neqoxec (Orc:2)
  2 wargs (Orc:1)
  15 hydra simulacra (Swamp:4)
  16 nagas
  7 water moccasins
  5 acid dragons
  14 swamp worms
  3 hell hounds (Snake:1)
  An ice beast (D:8)
  A black bear (D:5)
  5 swamp drakes
  30 orc warriors
  3 sky beasts
  An ice dragon simulacrum (Gauntlet)
  8 wolves
  9 ogres
  19 centaurs
  2 phantoms
  Blork the orc (D:6)
  13 bullfrogs
  2 scorpions
  An earth elemental (D:11)
  30 killer bees
  9 wights
  6 centaur zombies
  13 electric eels
  A howler monkey (D:5)
  A bullfrog zombie (D:6)
  5 jellies
  A gnoll shaman (D:6)
  3 hounds
  18 orc priests
  Crazy Yiuf (D:6)
  2 bullfrog skeletons (D:6)
  A centaur skeleton (D:5)
  7 iguanas
  15 orc wizards
  4 hell rats (Lair:5)
  A killer bee zombie (D:5)
  A hound zombie (D:5)
  2 hound skeletons (D:4)
  Robin (D:4)
  A howler monkey skeleton (D:4)
  12 gnolls
  11 river rats
  8 adders
  A white imp (D:7)
  3 swamp drake simulacra (Swamp:4)
  2 ufetubi
  3 worms
  11 dart slugs
  74 orcs
  3 bats
  12 endoplasms
  14 giant cockroaches
  14 hobgoblins
  4 jackals (D:1)
  5 quokkas
  10 ball pythons
  8 frilled lizards
  11 goblins
  9 kobolds
  22 rats
931 creatures vanquished.

Vanquished Creatures (others)
  A deep elf pyromancer (D:14)
  2 bloated husks (Swamp:2)
  2 swamp worms
  An orc (Orc:1)
  A bush (Lair:3)
  29 foxfires
  47 fungi
  103 plants
  14 withered plants (Gauntlet)
200 creatures vanquished.

Grand Total: 1131 creatures vanquished

Notes
Turn   | Place    | Note
-------+----------+-------------------------------------------
     0 | Abyss:1  | MisterFreud the Gnoll Abyssal Knight began the quest for
                  | the Orb.
     0 | Abyss:1  | Reached XP level 1. HP: 23/23 MP: 3/3
    68 | Abyss:1  | Noticed a raiju
    69 | D:1      | Escaped the Abyss
   422 | D:1      | Reached XP level 2. HP: 23/29 MP: 5/5
   667 | D:1      | Reached * piety under Lugonu
   961 | D:1      | Reached XP level 3. HP: 34/35 MP: 6/6
  1854 | D:2      | Reached skill level 1 in Long Blades
  1854 | D:2      | Reached skill level 1 in Axes
  1854 | D:2      | Reached skill level 1 in Maces & Flails
  1854 | D:2      | Reached skill level 1 in Polearms
  1854 | D:2      | Reached skill level 1 in Staves
  1854 | D:2      | Reached skill level 1 in Slings
  1854 | D:2      | Reached skill level 1 in Bows
  1854 | D:2      | Reached skill level 1 in Crossbows
  1854 | D:2      | Reached skill level 1 in Throwing
  1854 | D:2      | Reached skill level 1 in Stealth
  1854 | D:2      | Reached skill level 1 in Shields
  1854 | D:2      | Reached skill level 1 in Unarmed Combat
  1854 | D:2      | Reached skill level 1 in Spellcasting
  1854 | D:2      | Reached skill level 1 in Evocations
  1874 | D:2      | Reached XP level 4. HP: 41/41 MP: 7/7
  2788 | D:3      | Reached skill level 1 in Conjurations
  2788 | D:3      | Reached skill level 1 in Hexes
  2788 | D:3      | Reached skill level 1 in Summonings
  2788 | D:3      | Reached skill level 1 in Necromancy
  2788 | D:3      | Reached skill level 1 in Translocations
  2788 | D:3      | Reached skill level 1 in Transmutations
  2788 | D:3      | Reached skill level 1 in Fire Magic
  2788 | D:3      | Reached skill level 1 in Ice Magic
  2788 | D:3      | Reached skill level 1 in Air Magic
  2788 | D:3      | Reached skill level 1 in Earth Magic
  2788 | D:3      | Reached skill level 1 in Poison Magic
  2799 | D:3      | Reached XP level 5. HP: 6/47 MP: 8/8
  3229 | D:3      | Reached ** piety under Lugonu
  4303 | D:4      | Noticed an ogre
  4360 | D:4      | Found a glowing drain.
  4406 | Sewer    | Entered a sewer
  4676 | Sewer    | Reached skill level 5 in Invocations
  4679 | Sewer    | Reached *** piety under Lugonu
  5073 | Sewer    | Reached XP level 6. HP: 51/53 MP: 9/9
  5123 | Sewer    | HP: 2/53 [bullfrog (6)]
  5125 | Sewer    | Reached skill level 5 in Short Blades
  5125 | Sewer    | Reached skill level 5 in Armour
  5498 | D:4      | Reached XP level 7. HP: 44/59 MP: 10/10
  5954 | D:4      | Noticed Robin
  5989 | D:4      | Killed Robin
  6252 | D:4      | Found Faovoy's CLEARANCE SALE! EVERYTHING MUST GO!.
  6258 | D:4      | Bought a scroll of enchant armour for 37 gold pieces
  6258 | D:4      | Bought 3 curare-tipped darts for 9 gold pieces
  6393 | D:4      | Found a staircase to the Ecumenical Temple.
  6663 | D:5      | Entered Level 5 of the Dungeon
  7187 | D:5      | Found Suwnuah's Book Shop.
  7571 | D:5      | Reached XP level 8. HP: 55/67 MP: 12/12
  7662 | D:5      | Reached **** piety under Lugonu
  8848 | D:6      | Noticed Blork the orc
  8878 | D:6      | Killed Blork the orc
  9080 | D:6      | Reached XP level 9. HP: 72/72 MP: 14/14
  9906 | D:6      | Found a runed translucent door.
  9907 | D:6      | Noticed Crazy Yiuf
 10125 | D:6      | Cast into level 2 of the Abyss (Crazy Yiuf)
 10134 | Abyss:2  | Noticed a wretched star
 10141 | D:6      | Escaped the Abyss
 10150 | D:6      | Killed Crazy Yiuf
 10501 | D:7      | Reached skill level 5 in Dodging
 10880 | D:7      | Noticed a two-headed ogre
 10880 | D:7      | Noticed a two-headed ogre
 10897 | D:7      | Killed a two-headed ogre
 11097 | D:7      | Killed a two-headed ogre
 11098 | D:7      | Reached skill level 5 in Long Blades
 11098 | D:7      | Reached skill level 5 in Axes
 11098 | D:7      | Reached skill level 5 in Maces & Flails
 11098 | D:7      | Reached skill level 5 in Polearms
 11098 | D:7      | Reached skill level 5 in Staves
 11098 | D:7      | Reached skill level 5 in Slings
 11098 | D:7      | Reached skill level 5 in Bows
 11098 | D:7      | Reached skill level 5 in Crossbows
 11098 | D:7      | Reached skill level 5 in Throwing
 11098 | D:7      | Reached skill level 5 in Stealth
 11098 | D:7      | Reached skill level 5 in Shields
 11098 | D:7      | Reached skill level 5 in Unarmed Combat
 11098 | D:7      | Reached skill level 5 in Spellcasting
 11098 | D:7      | Reached skill level 5 in Evocations
 11098 | D:7      | Reached XP level 10. HP: 60/81 MP: 14/17
 11192 | D:7      | Found the +7 pair of quick blades "Gyre" and "Gimble"
                  | {protect}
 11583 | D:8      | Noticed a two-headed ogre
 11603 | D:8      | Killed a two-headed ogre
 12674 | D:9      | Noticed Joseph
 12685 | D:9      | Killed Joseph
 12947 | D:9      | Reached XP level 11. HP: 85/87 MP: 19/19
 13045 | D:9      | Found a shimmering blue altar of Sif Muna.
 13236 | D:10     | Entered Level 10 of the Dungeon
 13357 | D:10     | Reached skill level 5 in Conjurations
 13357 | D:10     | Reached skill level 5 in Hexes
 13357 | D:10     | Reached skill level 5 in Summonings
 13357 | D:10     | Reached skill level 5 in Necromancy
 13357 | D:10     | Reached skill level 5 in Translocations
 13357 | D:10     | Reached skill level 5 in Transmutations
 13357 | D:10     | Reached skill level 5 in Fire Magic
 13357 | D:10     | Reached skill level 5 in Ice Magic
 13357 | D:10     | Reached skill level 5 in Air Magic
 13357 | D:10     | Reached skill level 5 in Earth Magic
 13357 | D:10     | Reached skill level 5 in Poison Magic
 13613 | D:10     | Found a staircase to the Lair.
 13848 | D:10     | Found a runed translucent door.
 14039 | D:10     | Identified the +4 trident "Onwal" {vorpal, rPois Str+4}
 14039 | D:10     | Noticed diceflayer's ghost (journeyman MiFi)
 14059 | D:11     | Noticed a two-headed ogre
 14101 | D:11     | Killed a two-headed ogre
 14102 | D:11     | Noticed Josephine
 14184 | D:11     | Killed Josephine
 14228 | D:11     | Noticed a centaur warrior
 14244 | D:11     | Killed a centaur warrior
 14257 | D:11     | Noticed Erolcha
 14275 | D:11     | Killed Erolcha
 14442 | D:11     | Noticed a two-headed ogre
 14451 | D:11     | Killed a two-headed ogre
 14452 | D:11     | Reached XP level 12. HP: 51/96 MP: 22/22
 14669 | D:11     | Reached ***** piety under Lugonu
 14703 | D:11     | Noticed Grum
 14716 | D:11     | Killed Grum
 14735 | D:11     | Found Qakliss's Pet Rocks.
 14735 | D:11     | Noticed an eight-headed hydra
 14889 | D:11     | Banished an eight-headed hydra
 15407 | D:11     | Found a staircase to the Orcish Mines.
 15453 | Lair:1   | Entered Level 1 of the Lair of Beasts
 15464 | Lair:1   | Noticed a five-headed hydra
 15467 | Lair:1   | Banished a five-headed hydra
 16315 | Lair:2   | Reached skill level 10 in Fighting
 16769 | Lair:2   | Noticed Gastronok
 16795 | Lair:2   | Killed Gastronok
 16841 | Lair:2   | Reached XP level 13. HP: 103/103 MP: 24/24
 17377 | Lair:3   | Found a staircase to the Swamp.
 17725 | Lair:3   | Reached skill level 10 in Invocations
 17889 | Lair:3   | Found a staircase to the Snake Pit.
 20226 | Lair:5   | Reached XP level 14. HP: 87/111 MP: 24/26
 20228 | Lair:5   | Found a staircase to the Slime Pits.
 20394 | Lair:5   | Reached skill level 10 in Short Blades
 20394 | Lair:5   | Reached skill level 10 in Armour
 21191 | Lair:5   | Reached ****** piety under Lugonu
 21585 | Lair:6   | Entered Level 6 of the Lair of Beasts
 23508 | Lair:6   | Found a runed translucent door.
 23808 | Lair:6   | Paralysed by a hornet for 1 turns
 24018 | Lair:6   | Reached skill level 10 in Dodging
 24324 | Lair:6   | Reached XP level 15. HP: 97/119 MP: 28/28
 24638 | D:12     | Found a gate leading to a gauntlet.
 24647 | Gauntlet | Entered a Gauntlet
 24647 | Gauntlet | Found a transporter.
 24647 | Gauntlet | Found a transporter.
 24671 | Gauntlet | Found a transporter.
 24673 | Gauntlet | Found a transporter.
 24674 | Gauntlet | Found a transporter.
 24674 | Gauntlet | Found a transporter.
 24964 | Gauntlet | Found a transporter.
 24994 | Gauntlet | Found a transporter.
 25003 | Gauntlet | Identified the +7 lajatang of War {spect, Contam rC+ rCorr}
 25019 | Gauntlet | Found a transporter.
 25068 | Gauntlet | Identified the amulet of Ephemeral Luck {Faith rPois rC+
                  | Int+6 Slay-3}
 25086 | Gauntlet | Found a transporter.
 25175 | Gauntlet | Got Sif Muna's Incunabulum of Conjuration and Feathers
 25704 | D:12     | Identified a scroll of acquirement
 25705 | D:12     | Acquired a book of Armaments
 26682 | D:13     | Noticed Nessos
 26685 | D:13     | Killed Nessos
 26798 | D:13     | Reached skill level 10 in Long Blades
 26798 | D:13     | Reached skill level 10 in Axes
 26798 | D:13     | Reached skill level 10 in Maces & Flails
 26798 | D:13     | Reached skill level 10 in Polearms
 26798 | D:13     | Reached skill level 10 in Staves
 26798 | D:13     | Reached skill level 10 in Slings
 26798 | D:13     | Reached skill level 10 in Bows
 26798 | D:13     | Reached skill level 10 in Crossbows
 26798 | D:13     | Reached skill level 10 in Throwing
 26798 | D:13     | Reached skill level 10 in Stealth
 26798 | D:13     | Reached skill level 10 in Shields
 26798 | D:13     | Reached skill level 10 in Unarmed Combat
 26798 | D:13     | Reached skill level 10 in Spellcasting
 26798 | D:13     | Reached skill level 10 in Evocations
 27692 | D:13     | Got Ytwoloewe's Volume of the Shifting Rocks
 28195 | D:14     | Noticed Jorgrun
 28207 | D:14     | Killed Jorgrun
 28233 | D:14     | Found a glowing golden altar of the Shining One.
 29377 | D:14     | Identified the +8 great sword of Deflation {vorpal, Fly
                  | rElec Dex-4}
 29382 | D:14     | Found a gate to the Vaults.
 29580 | D:14     | Noticed Agnes
 29590 | D:14     | Killed Agnes
 29843 | D:15     | Entered Level 15 of the Dungeon
 29886 | D:15     | Reached XP level 16. HP: 107/127 MP: 30/30
 30637 | D:15     | Found a sparkling altar of Nemelex Xobeh.
 30667 | D:15     | Found a staircase to the Depths.
 31218 | Orc:1    | Entered Level 1 of the Orcish Mines
 32041 | Orc:2    | Entered Level 2 of the Orcish Mines
 32176 | Orc:2    | Found a staircase to the Elven Halls.
 32850 | Orc:1    | Found Kuxub's Assorted Antiques.
 33469 | Orc:2    | Found Biahe's General Store.
 33470 | Orc:2    | Found Futiuc's Magic Scroll Emporium.
 34104 | Orc:2    | Bought 2 potions of curing for 66 gold pieces
 34106 | Orc:2    | Bought a scroll of fog for 26 gold pieces
 34106 | Orc:2    | Bought a scroll of enchant armour for 97 gold pieces
 34166 | Orc:2    | Noticed Urug
 35046 | Orc:1    | Killed Urug
 35726 | Orc:2    | HP: 4/122 [gelid demonspawn (17)]
 36037 | Orc:2    | Found Enniajadgh's Jewellery Shop.
 36037 | Orc:2    | Found a one-way gate leading to the halls of Pandemonium.
 36037 | Orc:2    | Found Usezenai's Antique Armour Boutique.
 36453 | Orc:2    | Learned a level 2 spell: Blink
 36459 | Orc:2    | Learned a level 5 spell: Borgnjor's Vile Clutch
 36466 | Orc:2    | Learned a level 6 spell: Invisibility
 36470 | Orc:2    | Learned a level 3 spell: Mephitic Cloud
 36473 | Orc:2    | Learned a level 2 spell: Passwall
 36629 | Swamp:1  | Entered Level 1 of the Swamp
 37770 | Orc:2    | Bought glowing fire dragon scales for 2394 gold pieces
 38492 | Swamp:2  | Reached XP level 17. HP: 37/135 MP: 28/32
 38942 | Swamp:2  | You fall into a shaft and drop 1 floor!
 39164 | Swamp:2  | Noticed Nikola
 39200 | Swamp:2  | Killed Nikola
 40849 | Swamp:3  | HP: 1/135 [spriggan rider (13)]
 42247 | Swamp:4  | Entered Level 4 of the Swamp
 44548 | Swamp:4  | Reached skill level 10 in Conjurations
 44548 | Swamp:4  | Reached skill level 10 in Hexes
 44548 | Swamp:4  | Reached skill level 10 in Summonings
 44548 | Swamp:4  | Reached skill level 10 in Necromancy
 44548 | Swamp:4  | Reached skill level 10 in Translocations
 44548 | Swamp:4  | Reached skill level 10 in Transmutations
 44548 | Swamp:4  | Reached skill level 10 in Fire Magic
 44548 | Swamp:4  | Reached skill level 10 in Ice Magic
 44548 | Swamp:4  | Reached skill level 10 in Air Magic
 44548 | Swamp:4  | Reached skill level 10 in Earth Magic
 44548 | Swamp:4  | Reached skill level 10 in Poison Magic
 44740 | Swamp:4  | Got a decaying rune of Zot
 44883 | Snake:1  | Entered Level 1 of the Snake Pit
 45108 | Snake:1  | Noticed Azrael
 45181 | Snake:1  | Banished Azrael
 45487 | Snake:1  | Found Vanynen's Book Shop.
 45487 | Snake:1  | Found Becoohot's Weapon Boutique.
 46292 | Snake:1  | Noticed Kirke
 46318 | Snake:1  | Killed Kirke
 46594 | Snake:2  | Found Kawka's Distillery.
 46709 | Snake:2  | Bought a potion of haste for 140 gold pieces
 46709 | Snake:2  | Bought a potion of might for 56 gold pieces
 46709 | Snake:2  | Bought a potion of curing for 42 gold pieces
 46709 | Snake:2  | Bought 2 potions of might for 112 gold pieces
 47120 | Snake:2  | Reached XP level 18. HP: 95/143 MP: 33/33
 47324 | Snake:2  | Found Xegebis's Antique Weapon Boutique.
 47330 | Snake:2  | Found Ferum's Book Shop.
 48140 | Snake:2  | Noticed Louise
 48559 | Snake:2  | Noticed Vashnia
 49243 | Snake:2  | Shot with an arrow by Vashnia

Illustrated notes

Levels and vault maps discovered:
D:1:      dpeg_arrival_castle, layout_loops_ring, minivault_19, minivault_14,
          minmay_split_cup_small
D:2:      layout_basic, palyth_stone_intersect
D:3:      layout_loops_corners, kennysheep_generic_room_7
D:4:      kennysheep_slugbush, layout_cave_pools, temple_doors_e,
          portal_sewer_entry_e, nicolae_shop_clearance, uniq_robin
D:5:      layout_basic, serial_shops, shop
D:6:      layout_cave_pools, uniq_crazy_yiuf_cottage, uniq_blork_the_orc
D:7:      layout_loops_cross, hellmonk_guarded_unrand_gyre_and_gimble
D:8:      layout_loops_ring
D:9:      layout_basic, led_sif_pool, uniq_joseph
D:10:     layout_loops_ring, lair_entry_dummy, ebering_ghost_funeral_grove,
          nicolae_wwwww, minivault_16
D:11:     layout_loops_ring, hiddenorc1_lemuel, chequers_serial_rivers_small_3,
          serial_bayou_pond_a, guppyfry_shop_earth, uniq_grum, uniq_erolcha,
          uniq_josephine
D:12:     layout_long_grid, gauntlet_entry_generic, wad_floor_pattern_untrapped,
          kennysheep_another_room
D:13:     layout_basic, uniq_nessos
D:14:     layout_stronghold, ximxim_vaults_locker_room, tso_metal_star,
          uniq_jorgrun, uniq_agnes
D:15:     gammafunk_enter_depths_forms, layout_rooms,
          nemelex_lonely_heart_becter
Lair:1:   layout_hall_layers, infiniplex_staircase_pool_2
Lair:2:   wad_woods_pond, layout_small_grid, special_room [special_room_bee],
          uniq_gastronok
Lair:3:   layout_loops_ring, minmay_swamp_entry_eels,
          guppyfry_snake_entry_garden, chequers_serial_rivers_large_b,
          infiniplex_staircase_pool
Lair:4:   layout_loops_ring, chequers_serial_rivers_room_b, beast_lair_carwin_5
Lair:5:   layout_regular_city, minmay_slime_entry_pillars,
          kennysheep_abandoned_house, lemuel_fruit_tree, lemuel_fruit_fields
Lair:6:   guppyfry_lair_end_dragon, layout_misc_corridors, wormcave,
          lemuel_fruit_fields
Swamp:1:  layout_basic_swamp, evilmike_swamp_ruin_house_2
Swamp:2:  layout_basic_swamp, hangedman_swamp_ruin_wall,
          nicolae_swamp_big_swirl, uniq_nikola
Swamp:3:  layout_falls_marsh, evilmike_swamp_ruin_rubble_2
Swamp:4:  swamp_icy, layout_basic_swamp
Snake:1:  layout_rooms, minmay_shoptagon, uniq_azrael, uniq_kirke
Snake:2:  layout_chambers, serial_shops, shop, nicolae_shop_waterfront, shop,
          uniq_vashnia, uniq_louise
Snake:3:  layout_onion, basic_altar, portal_ice_cave_entry_pillars_three,
          st_stairs_3, beargit_elvish_explorers
Orc:1:    layout_caves, serial_shops, shop
Orc:2:    pf_orc_diabolical, layout_caves, uniq_urug

Skill      XL: |  1  2  3  4  5  6  7  8  9 10 11 12 13 14 15 16 17 18 |
---------------+-------------------------------------------------------+-----
Long Blades    | 1 2 3 5 6 7 8 9 10 11 12 | 12.0
Axes           | 1 2 3 5 6 7 8 9 10 11 12 | 12.0
Maces & Flails | 1 2 3 5 6 7 8 9 10 11 12 | 12.0
Polearms       | 1 2 3 5 6 7 8 9 10 11 12 | 12.0
Staves         | 1 2 3 5 6 7 8 9 10 11 12 | 12.0
Slings         | 1 2 3 5 6 7 8 9 10 11 12 | 12.0
Bows           | 1 2 3 5 6 7 8 9 10 11 12 | 12.0
Crossbows      | 1 2 3 5 6 7 8 9 10 11 12 | 12.0
Throwing       | 1 2 3 5 6 7 8 9 10 11 12 | 12.0
Stealth        | 1 2 3 5 6 7 8 9 10 11 12 | 12.0
Shields        | 1 2 3 5 6 7 8 9 10 11 12 | 12.0
Unarmed Combat | 1 2 3 5 6 7 8 9 10 11 12 | 12.0
Spellcasting   | 1 2 3 5 6 7 8 9 10 11 12 | 12.0
Evocations     | 1 2 3 5 6 7 8 9 10 11 12 | 12.0
Conjurations   | 1 2 3 4 5 6 7 8 9 10 | 10.2
Hexes          | 1 2 3 4 5 6 7 8 9 10 | 10.2
Summonings     | 1 2 3 4 5 6 7 8 9 10 | 10.2
Necromancy     | 1 2 3 4 5 6 7 8 9 10 | 10.2
Translocations | 1 2 3 4 5 6 7 8 9 10 | 10.2
Transmutations | 1 2 3 4 5 6 7 8 9 10 | 10.2
Fire Magic     | 1 2 3 4 5 6 7 8 9 10 | 10.2
Ice Magic      | 1 2 3 4 5 6 7 8 9 10 | 10.2
Air Magic      | 1 2 3 4 5 6 7 8 9 10 | 10.2
Earth Magic    | 1 2 3 4 5 6 7 8 9 10 | 10.2
Poison Magic   | 1 2 3 4 5 6 7 8 9 10 | 10.2
Dodging        | 3 4 5 6 7 8 9 10 11 12 | 12.2
Invocations    | 5 6 7 8 9 10 11 12 13 | 13.5
Short Blades   | 5 6 7 8 9 10 11 12 | 12.7
Armour         | 5 6 7 8 9 10 11 12 | 12.7
Fighting       | 7 8 9 10 11 12 13 | 13.3

Action                   |  1- 3 |  4- 6 |  7- 9 | 10-12 | 13-15 | 16-18 || total
-------------------------+-------+-------+-------+-------+-------+-------++-------
Melee: Short sword       |   120 |   287 |   672 |       |       |       ||  1079
       Bite              |     7 |    25 |    93 |    73 |   225 |   204 ||   627
       Punch             |       |     2 |     9 |       |       |       ||    11
       Whip              |       |       |    29 |    14 |       |       ||    43
       Pair of quick bla |       |       |       |   652 |  1814 |  2186 ||  4652
Throw: Dart              |       |     2 |     6 |     1 |     1 |       ||    10
 Cast: Mephitic Cloud    |       |       |       |       |       |     1 ||     1
       Borgnjor's Vile C |       |       |       |       |       |     8 ||     8
Invok: Depart the Abyss  |     1 |       |     1 |       |       |       ||     2
       Banish            |       |       |       |     4 |     6 |    22 ||    32
Evoke: Wand              |       |       |       |     1 |    30 |    40 ||    71
       Lightning rod     |       |       |       |       |       |     3 ||     3
       Phial of floods   |       |       |       |       |       |     2 ||     2
  Use: Potion            |       |     2 |     1 |       |     5 |     9 ||    17
       Scroll            |       |     2 |     9 |     1 |    14 |    13 ||    39
 Stab: Sleeping          |     1 |     3 |     3 |     6 |    20 |    10 ||    43
       Distracted        |       |       |     1 |       |     4 |     2 ||     7
       Invisible         |       |       |     1 |       |     9 |       ||    10
       Petrified         |       |       |       |       |       |     5 ||     5
       Petrifying        |       |       |       |       |       |     2 ||     2
Armor: Leather armour    |    25 |    63 |    35 |       |       |       ||   123
       Ring mail         |       |       |   183 |   125 |   358 |   219 ||   885
       Fire dragon scale |       |       |       |       |       |   473 ||   473
Dodge: Dodged            |    52 |   162 |   421 |   251 |   635 |   893 ||  2414
